 Dungeon Crawl Stone Soup version 0.31-a0-233-g139696dc86 (webtiles) character file.

Game seed: 17407647887070677263

284 qw the Shooter (level 6, -1/52 HPs)
             Began as a Minotaur Hexslinger on July 8, 2023.
             Slain by a gnoll
             ... wielding a +0 spear
              (4 damage)
             ... on level 3 of the Dungeon.
             The game lasted 00:00:49 (2422 turns).

qw the Shooter (Minotaur Hexslinger)                Turns: 2422, Time: 00:00:49

Health: -1/52      AC:  5    Str: 13    XL:     6   Next: 7%
Magic:  6/6        EV: 11    Int: 10    God:
Gold:   69         SH:  0    Dex: 14    Spells: 6/7 levels left

rFire   . . .        Y - +2 sling
rCold   . . .        (no shield)
rNeg    . . .        a - +0 ring mail
rPois   .            (helmet restricted)
rElec   .            (no cloak)
rCorr   .            (no gloves)
SInv    +            (no boots)
Will    .....        (no amulet)
Stlth   +            e - ring of see invisible
HPRegen 0.28/turn    (no ring)
MPRegen 0.10/turn

%: no passive effects
@: no status effects
A: horns 2, retaliatory headbutt
a: no special abilities


You were on level 3 of the Dungeon.
You visited 1 branch of the dungeon, and saw 3 of its levels.

You collected 69 gold pieces.


Innate Abilities, Weirdness & Mutations

You have a pair of horns on your head.
You reflexively headbutt those who attack you in melee.


   Skills:
 + Level 3.9 Fighting
 - Level 6.0 Ranged Weapons
 - Level 1.0 Armour
 - Level 2.1 Dodging
 - Level 1.0 Spellcasting
 - Level 2.0 Hexes


You had 6 spell levels left.
You knew the following spells:

 Your Spells              Type           Power      Damage    Failure   Level
a - Slow                  Hex            16%        N/A       32%         1

Your spell library contained the following spells:

 Spells                   Type           Power      Damage    Failure   Level
 Inner Flame              Hex/Fire       2%         N/A       82%         3
 Portal Projectile        Hex/Tloc       4%         N/A       82%         3
 Cause Fear               Hex            2%         N/A       97%         4

Inventory:

Hand Weapons
 Y - a +2 sling (weapon)
Armour
 a - a +0 ring mail (worn)
Jewellery
 e - a ring of see invisible (left hand)
Potions
 d - a potion of curing {unknown}
 f - a potion of heal wounds {unknown}
 g - a potion of attraction {unknown}
 i - a potion of magic {unknown}

Dungeon Overview and Level Annotations

Branches:
Dungeon (3/15)

Altars:
Gozag

Shops:
D:3 :


Message History

2413 ||| READING scroll of teleportation.
As you read the scroll of teleportation, it crumbles to dust.
You feel strangely unstable.
The gnoll hits you with a +0 club. x2; The gnoll hits you but does no damage.
You shoot a sling bullet. The sling bullet hits the gnoll.
You kill the gnoll!
The gnoll hits you from afar with a +0 spear.
You shoot a sling bullet. The sling bullet hits the gnoll.
The gnoll is lightly wounded.
The gnoll closely misses you.
You shoot a sling bullet. The sling bullet hits the gnoll.
The gnoll is moderately wounded.
The gnoll hits you with a +0 club. The gnoll hits you but does no damage.
You shoot a sling bullet.
The sling bullet barely misses the gnoll.
Your surroundings seem slightly different.
Enter note:
Enter note:
Enter note:
Enter note:
Enter note:
Enter note: You shoot a sling bullet.
The sling bullet closely misses the gnoll.
You shoot a sling bullet. The sling bullet hits the gnoll.
The gnoll is heavily wounded.
You shoot a sling bullet.
The sling bullet barely misses the gnoll.
The sling bullet hits the gnoll.
The gnoll is heavily wounded.
The gnoll barely misses you.
You shoot a sling bullet.
The sling bullet closely misses the gnoll.
The sling bullet barely misses the gnoll.
The gnoll hits you from afar with a +0 spear.
You shoot a sling bullet. The sling bullet hits the gnoll.
You kill the gnoll!
The gnoll barely misses you.
The gnoll hits you from afar with a +0 spear.
You die...

#.# ###.# #.... #.#.#
#.#.# ###### #.#.#
#.....###### #.#.#
......>)...#########.#.#
#..@.g.............#
######(.)!......>...
###.######..### #.. ...#
#.. ###.# ... #.# ##.#
#.# #. #.# #. .#


You could see a gnoll.

Vanquished Creatures
  Sigmund (D:2)
  Jessica (D:2)
  2 gnolls (D:3)
  3 adders
  4 worms
  A dart slug (D:1)
  2 orcs (D:3)
  5 ball pythons
  6 bats
  5 endoplasms
  2 giant cockroaches
  A goblin (D:2)
  5 hobgoblins
  2 quokkas
  3 frilled lizards
  4 kobolds
  5 rats
52 creatures vanquished.

Notes
Turn   | Place    | Note
-------+----------+-------------------------------------------
     0 | D:1      | qw the Minotaur Hexslinger began the quest for the Orb.
     0 | D:1      | Reached XP level 1. HP: 16/16 MP: 1/1
     0 | D:1      | 0 ||| qw: Version: 0.3-a-46-gb1f654a
     0 | D:1      | 0 ||| qw: Game counter: 3645
     0 | D:1      | 0 ||| qw: Melee chars always use a shield: true
     0 | D:1      | 0 ||| qw: God list: Okawaru
     0 | D:1      | 0 ||| qw: Allow faded altars: false
     0 | D:1      | 0 ||| qw: Do Orc after clearing Dungeon:15 true
     0 | D:1      | 0 ||| qw: Do second Lair branch before Depths: true
     0 | D:1      | 0 ||| qw: Lair rune preference: random
     0 | D:1      | 0 ||| qw: Goals: Normal
     0 | D:1      | 0 ||| PLANNING D:1-11
   369 | D:1      | Reached skill level 3 in Ranged Weapons
   369 | D:1      | Reached XP level 2. HP: 23/23 MP: 2/2
   900 | D:1      | 900 ||| UPGRADING to ring of see invisible.
   901 | D:1      | 901 ||| READING scroll labelled USHO OWKAGIOK.
   902 | D:1      | 902 ||| READING scroll labelled BEUNIRCHUVEUT.
   903 | D:1      | 903 ||| DROPPING scroll of poison.
   966 | D:2      | 966 ||| STAIRDANCE
  1043 | D:2      | Noticed Sigmund
  1054 | D:2      | Killed Sigmund
  1055 | D:2      | Reached skill level 6 in Ranged Weapons
  1055 | D:2      | Reached XP level 3. HP: 13/29 MP: 3/3
  1055 | D:2      | Reached XP level 4. HP: 16/36 MP: 4/4
  1055 | D:2      | Reached XP level 5. HP: 18/41 MP: 5/5
  1181 | D:2      | Noticed Jessica
  1185 | D:2      | Killed Jessica
  1318 | D:2      | Reached skill level 3 in Fighting
  1853 | D:2      | 1853 ||| READING scroll labelled XULAJU GEIBLA.
  2205 | D:2      | 2205 ||| UPGRADING to +0 ring mail.
  2215 | D:2      | 2215 ||| DROPPING +0 robe.
  2216 | D:2      | 2216 ||| READING 2 scrolls labelled IHIQISKESE.
  2220 | D:2      | 2220 ||| READING scroll labelled QIKLOQ CEUX.
  2257 | D:3      | Reached XP level 6. HP: 52/52 MP: 6/6
  2317 | D:3      | Found an opulent altar of Gozag.
  2366 | D:3      | Found Eqoygrag's Book Shoppe.
  2398 | D:3      | Reached skill level 1 in Armour
  2412 | D:3      | HP: 13/52 [gnoll/+0 spear (5)]
  2413 | D:3      | 2413 ||| READING scroll of teleportation.
  2416 | D:3      | HP: 5/52 [gnoll/+0 club (2)]
  2421 | D:3      | HP: 3/52 [gnoll/+0 spear (4)]
  2422 | D:3      | Slain by a gnoll

Levels and vault maps discovered:
D:1:      roderic_crop_circles_arrival_small, layout_loops_corners
D:2:      layout_basic, serial_bayou_lagoon_a, uniq_sigmund, uniq_jessica
D:3:      layout_loops_ring, mainiacjoe_overflow_six_doors_small,
          mainiacjoe_overflow_cross_hatched, serial_shops,
          nicolae_book_shop_shelving, amcnicky_mini_pool_small

Skill      XL: |  1  2  3  4  5  6 |
---------------+-------------------+-----
Ranged Weapons | 3 6 |  6.0
Fighting       | 2 3 |  3.9
Armour         | 1 |  1.0
Dodging        | |  2.1
Spellcasting   | |  1.0
Hexes          | |  2.0

Action                     |  1- 3 |  4- 6 || total
---------------------------+-------+-------++-------
   Fire: Sling             |    53 |   117 ||   170
    Use: Scroll            |     2 |     4 ||     6
 Armour: Robe              |     2 |    10 ||    12
         Ring mail         |       |     5 ||     5
  Dodge: Dodged            |     7 |    30 ||    37

Table legend:
 A = Non-vault XP
 B = Vault XP
 C = Vault XP percentage of total XP
 D = Non-vault monster count
 E = Vault monster count
 F = Vault count percentage of total count
                 A         B        C        D         E       F
            +---------+---------+-------+---------+---------+-------
      Total |     158 |     263 |  62.5 |      50 |       2 |   3.8
            +---------+---------+-------+---------+---------+-------
        D:1 |      28 |       0 |   0.0 |      14 |       0 |   0.0
        D:2 |      76 |     263 |  77.6 |      27 |       2 |   6.9
        D:3 |      54 |       0 |   0.0 |       9 |       0 |   0.0
            +---------+---------+-------+---------+---------+-------
